Map: King Sejong Station LE

Players

blackxored

  • Race: Zerg Zerg
  • League: Platinum

roguee - Winner!

  • Race: Terran Terran
  • League: Diamond

VOD

Have the link to the VOD?

Description

Time

  • Played on: June 25, 2016, 3:12 p.m.
  • Length: 10:03
Show
View Real Time Build Order
Export as new Build Order

blackxored Zerg 

Build Orders: Hatch First 

Get SALT Encoding   

  12  0:02  Drone  
  13  0:15  Drone  
  13  0:18  Overlord  
  14  0:30  Extractor  
  14  0:31  Drone  
  15  0:39  Drone x2  
  17  0:54  Hatchery  
  17  0:57  Drone  
  17  1:00  Drone  
  18  1:11  Extractor  
  18  1:15  Spawning Pool  
  18  1:18  Drone  
  17  1:21  Drone  
  18  1:30  Drone  
  19  1:42  Overlord  
  19  1:54  Drone  
  20  2:02  Queen  
  20  2:03  Zergling x2  
  20  2:05  Queen  
  20  2:06  Zergling x2  
  26  2:14  Zergling x2  
  26  2:15  Metabolic Boost  
  27  2:30  Hatchery  
  27  2:35  Drone x2  
  28  2:39  Drone  
  29  2:48  Queen  
  31  2:54  Overlord  
  31  3:00  Pneumatized Carapace  
  31  3:18  Drone x6  
  37  3:21  Overlord  
  37  3:30  Drone x3  
  40  3:37  Drone  
  41  3:50  Drone x4  
  41  3:53  Queen  
  47  4:01  Zergling x2  
  47  4:02  Zergling x12  
  54  4:18  Zergling x2  
  54  4:19  Zergling x6  
  54  4:23  Overlord  
  58  4:25  Baneling Nest  
  57  4:41  Zergling x14  
  57  4:42  Zergling x4  
  66  4:46  Lair  
  66  4:52  Overlord x3  
  66  4:53  Overlord  
  66  5:11  Drone x4  
  66  5:12  Drone x4  
  74  5:24  Drone x2  
  74  5:25  Evolution Chamber  
  74  5:26  Evolution Chamber  
  74  5:27  Baneling x4  
  74  5:28  Baneling x5  
  74  5:37  Drone x4  
  74  5:38  Drone x2  
  74  5:39  Drone, Hatchery  
  74  5:40  Drone  
  74  5:41  Drone  
  82  5:52  Zerg Melee Weapons Level 1  
  81  6:06  Drone  
  81  6:07  Extractor  
  81  6:08  Drone x3  
  84  6:14  Extractor  
  84  6:15  Drone x2  
  84  6:16  Extractor, Drone x3  
  84  6:17  Drone x2  
  89  6:19  Drone  
  89  6:23  Drone  
  89  6:24  Extractor  
  89  6:25  Extractor, Drone x3  
  92  6:26  Drone x2  
  92  6:28  Drone  
  94  6:48  Zergling x6  
  94  6:51  Centrifical Hooks  
  94  6:52  Overlord x5, Overseer  
  97  7:10  Zergling x2  
  97  7:11  Zergling x16  
  97  7:13  Baneling x16  
  106  7:26  Extractor  
  106  7:28  Extractor  
  103  7:37  Drone x5  
  103  7:38  Drone x8  
  103  7:39  Drone x3  
  119  7:49  Zerg Ground Armor Level 1  
  119  7:57  Zergling x6  
  119  7:58  Zergling x10  
  118  8:09  Zergling x2  
  118  8:10  Zergling x14  
  116  8:12  Hatchery  
  91  8:23  Zergling x14  
  92  8:33  Baneling x16  
  92  8:34  Baneling x6  
  91  8:35  Zergling x6  
  91  8:37  Overseer  
  77  8:48  Zergling x4  
  66  9:01  Zergling x2  
  66  9:02  Zergling x14  
  55  9:09  Queen  
  54  9:17  Zergling x4  
  49  9:34  Zergling x10  
  44  9:42  Zergling x2  
Show
View Real Time Build Order
Export as new Build Order

roguee Terran - Winner!

Build Orders: MMM Bio 

Get SALT Encoding   

  12  0:00  SCV  
  13  0:13  SCV  
  14  0:17  Supply Depot  
  14  0:25  SCV  
  15  0:38  SCV  
  15  0:40  Barracks  
  16  0:50  SCV  
  16  0:54  Supply Depot  
  17  1:03  SCV  
  18  1:23  SCV  
  19  1:29  Marine  
  20  1:33  Command Center  
  20  1:41  Orbital Command  
  20  1:52  Refinery  
  20  1:53  Marine, Refinery  
  21  2:11  Marine, SCV  
  21  2:12  Barracks  
  23  2:24  SCV  
  23  2:29  Marine  
  25  2:36  SCV  
  26  2:37  Bunker  
  26  2:43  Factory  
  26  2:47  Marine  
  27  2:51  Orbital Command  
  27  2:55  SCV  
  28  3:01  Marine  
  29  3:07  SCV  
  29  3:09  Supply Depot  
  31  3:19  SCV x2  
  33  3:21  Barracks Tech Lab  
  32  3:27  Supply Depot  
  32  3:30  Barracks Reactor  
  32  3:31  Starport, Factory Tech Lab  
  32  3:32  SCV  
  33  3:35  SCV  
  33  3:39  Refinery  
  34  3:42  Marine  
  34  3:44  SCV, Stimpack  
  36  3:53  Supply Depot  
  36  3:54  SCV  
  37  3:56  SCV  
  37  4:00  Marine  
  39  4:06  SCV  
  39  4:08  SCV  
  41  4:11  Starport Reactor  
  41  4:16  Marine x2  
  43  4:20  Siege Tank  
  43  4:22  Barracks  
  46  4:24  SCV  
  46  4:26  Barracks, SCV  
  48  4:35  Supply Depot  
  48  4:36  SCV  
  48  4:38  SCV  
  50  4:39  Refinery  
  50  4:46  Marine  
  50  4:47  Marine  
  50  4:48  SCV  
  50  4:49  Supply Depot  
  50  4:50  Marine  
  54  4:52  Medivac  
  54  4:56  Medivac  
  58  5:01  SCV  
  58  5:03  SCV  
  58  5:04  Marine x2  
  62  5:10  Engineering Bay  
  62  5:11  Siege Tank  
  62  5:13  Barracks Tech Lab, SCV  
  66  5:16  Barracks Reactor  
  66  5:17  SCV  
  67  5:22  Marine  
  67  5:27  Marine x2  
  70  5:36  Marauder  
  70  5:40  Marine  
  73  5:43  Siege Tank  
  73  5:44  Marine  
  73  5:48  SCV  
  78  5:59  Marine  
  78  6:07  Supply Depot, Terran Infantry Weapons Level 1  
  78  6:10  Supply Depot, Engineering Bay  
  78  6:15  Liberator x2  
  78  6:21  Supply Depot  
  78  6:28  Marine x4, SCV  
  78  6:29  Marauder, SCV  
  78  6:31  Marine  
  91  6:41  SCV  
  91  6:45  Siege Tank  
  91  6:46  Marine x4  
  99  6:49  Marine  
  99  6:50  Marine  
  101  6:57  SCV  
  102  7:05  Supply Depot  
  102  7:06  Supply Depot  
  102  7:09  Liberator  
  102  7:13  Command Center  
  102  7:19  Marine  
  102  7:22  Liberator  
  102  7:26  Marine x2, SCV  
  102  7:27  Supply Depot, Marine x2, Marauder  
  112  7:37  Marine  
  112  7:42  Combat Shields  
  116  7:44  Marine x2  
  116  7:48  SCV  
  116  7:49  Marauder  
  121  7:52  Liberator  
  121  7:54  Marine  
  121  7:55  Marauder  
  124  8:10  Marauder  
  124  8:12  Marine  
  125  8:14  Marine x3  
  125  8:16  Marauder  
  109  8:23  Medivac  
  109  8:25  Siege Tank  
  114  8:30  Marine  
  114  8:31  Marine x2  
  114  8:32  Marine x2  
  119  8:37  Marine  
  120  8:48  Marine  
  116  8:49  Marine x2  
  116  8:50  Marine x2  
  116  8:52  Medivac  
  116  8:53  Medivac  
  116  8:55  Marine  
  99  9:06  Marine x2  
  99  9:07  Marine  
  99  9:08  Marine x2  
  103  9:13  Marine  
  104  9:24  Marine x2  
  103  9:25  Marine  
  103  9:26  Marine x2  
  103  9:31  Marine  
  101  9:41  Marine  
  101  9:42  Marine  
  101  9:43  Marine x3  
Tags
 
Add a new tag
Caveats
  • Supply blocks, unpowered buildings, or Contaminate may cause inaccurate times.
  • Supply counts are checked every 10 seconds.